BR (22 & UNDER)
OCEANSIDE SWAMP FOXES @ PITTSBURGH KILLA BEEZ
08/10/2030
 
TOP OF THE 1ST
Oceanside Swamp Foxes batting - Pitching for Pittsburgh Killa Beez : RHP Xian-gan Xú
Pitching: RHP Xian-gan Xú
Batting: LHB Jonathan Belisle 0-0: Foul Ball, location: 2F
0-1: Foul Ball, location: 2F
0-2: Ball
1-2: Fly out, F9 (Flyball, 9D)
Batting: RHB Pat Greene 0-0: Called Strike
0-1: Called Strike
0-2: Ball
1-2: Foul Ball, location: 2F
1-2: Ball
2-2: Fly out, F9 (Flyball, 9S)
Batting: RHB Armando Solís 0-0: Called Strike
0-1: Ball
1-1: Fly out, F8 (Flyball, 78M)
Top of the 1st over - 0 runs, 0 hits, 0 errors, 0 left on base; Oceanside 0 - Pittsburgh 0
BOTTOM OF THE 1ST
Pittsburgh Killa Beez batting - Pitching for Oceanside Swamp Foxes : RHP Alain Moulin
Pitching: RHP Alain Moulin
Batting: RHB Bo Long 0-0: Ball
1-0: Ball
2-0: Fly out, F9 (Flyball, 9)
Batting: RHB Inês Kappes 0-0: Called Strike
0-1: Ball
1-1: Ball
2-1: Foul Ball, location: 2F
2-2: Foul Ball, location: 2F
2-2: Ball
3-2: Foul Ball, location: 2F
3-2: SINGLE (Flyball, 8LS)
Batting: LHB Brian Lawson 0-0: Foul Ball, location: 2F
0-1: Foul Ball, location: 2F
0-2: Ball
1-2: Ball
2-2: Strikes out swinging
Batting: RHB Víctor Ochoa 0-0: Called Strike
0-1: Swinging Strike
0-2: Ball
Inês Kappes is caught stealing 2nd base
Bottom of the 1st over - 0 runs, 1 hit, 0 errors, 0 left on base; Oceanside 0 - Pittsburgh 0
TOP OF THE 2ND
Oceanside Swamp Foxes batting - Pitching for Pittsburgh Killa Beez : RHP Xian-gan Xú
Batting: RHB Travis Thomas 0-0: Fly out, F9 (Flyball, 89D)
Batting: RHB Jeff Byford 0-0: Ball
1-0: Ground out 4-3 (Groundball, 4)
Batting: RHB Rubén Ramírez 0-0: Ground out 6-3 (Groundball, 6MD)
Top of the 2nd over - 0 runs, 0 hits, 0 errors, 0 left on base; Oceanside 0 - Pittsburgh 0
BOTTOM OF THE 2ND
Pittsburgh Killa Beez batting - Pitching for Oceanside Swamp Foxes : RHP Alain Moulin
Batting: RHB Víctor Ochoa 0-0: Fly out, F3 (Popup, 23F)
Batting: LHB Argaw Mwita 0-0: SINGLE (Groundball, 4MD)
Batting: RHB Aifell Muthuri 0-0: Called Strike
0-1: Ball
1-1: Ball
2-1: Fly out, F7 (Flyball, 78D)
Batting: LHB Ramón Ortíz 0-0: Ground out 4-3 (Groundball, 4S)
Bottom of the 2nd over - 0 runs, 1 hit, 0 errors, 1 left on base; Oceanside 0 - Pittsburgh 0
TOP OF THE 3RD
Oceanside Swamp Foxes batting - Pitching for Pittsburgh Killa Beez : RHP Xian-gan Xú
Batting: RHB Phil Stephens 0-0: Called Strike
0-1: Ball
1-1: Ball
2-1: Swinging Strike
2-2: Strikes out looking
Batting: RHB Robbie Barnes 0-0: SINGLE (Groundball, 4) (infield hit)
Batting: RHB Tony Klein 0-0: Called Strike
0-1: Ball
1-1: Fly out, F7 (Flyball, 7LD)
Batting: LHB Jonathan Belisle 0-0: Ball
1-0: Ball
2-0: Foul Ball, location: 2F
2-1: Ball
3-1: Base on Balls
Robbie Barnes to second
Batting: RHB Pat Greene 0-0: Ball
1-0: Fielders Choice at 2nd, 5-4 (Groundball, 56)
Top of the 3rd over - 0 runs, 1 hit, 0 errors, 2 left on base; Oceanside 0 - Pittsburgh 0
BOTTOM OF THE 3RD
Pittsburgh Killa Beez batting - Pitching for Oceanside Swamp Foxes : RHP Alain Moulin
Batting: RHB Mario Macías 0-0: SINGLE (Groundball, 6) (infield hit)
Batting: RHB Jorge Flores 0-0: Ball
1-0: Foul Ball, location: 2F
1-1: Swinging Strike
1-2: Foul Ball, location: 2F
1-2: Strikes out swinging
Batting: RHB Bo Long 0-0: Swinging Strike
0-1: Foul Ball, location: 2F
0-2: Grounds into double play, 4-6-3 (Groundball, 4)
Bottom of the 3rd over - 0 runs, 1 hit, 0 errors, 0 left on base; Oceanside 0 - Pittsburgh 0
TOP OF THE 4TH
Oceanside Swamp Foxes batting - Pitching for Pittsburgh Killa Beez : RHP Xian-gan Xú
Batting: RHB Armando Solís 0-0: Foul Ball, location: 2F
0-1: Hit by Pitch
Batting: RHB Travis Thomas 0-0: Called Strike
0-1: Ball
1-1: Foul Ball, location: 2F
1-2: Ball
2-2: SINGLE (Groundball, 34S) (infield hit)
Armando Solís to second
Batting: RHB Jeff Byford 0-0: Swinging Strike
0-1: Foul Ball, location: 2F
0-2: Foul Ball, location: 2F
0-2: Ball
1-2: Strikes out swinging
Batting: RHB Rubén Ramírez 0-0: Fielders Choice at 2nd, 6-4 (Groundball, 6)
Armando Solís to third
Batting: RHB Phil Stephens 0-0: Ball
1-0: Called Strike
1-1: Ball
2-1: Foul Ball, location: 2F
2-2: Ball
3-2: Fly out, F8 (Flyball, 8LM)
Top of the 4th over - 0 runs, 1 hit, 0 errors, 2 left on base; Oceanside 0 - Pittsburgh 0
BOTTOM OF THE 4TH
Pittsburgh Killa Beez batting - Pitching for Oceanside Swamp Foxes : RHP Alain Moulin
Batting: RHB Inês Kappes 0-0: Called Strike
0-1: Foul Ball, location: 2F
0-2: Ball
1-2: Foul Ball, location: 2F
1-2: Strikes out swinging
Batting: LHB Brian Lawson 0-0: SINGLE (Groundball, 6MD)
Batting: RHB Víctor Ochoa 0-0: Foul Ball, location: 2F
0-1: Foul Ball, location: 2F
0-2: Strikes out swinging
Batting: LHB Argaw Mwita 0-0: Fly out, F4 (Line Drive, 4)
Bottom of the 4th over - 0 runs, 1 hit, 0 errors, 1 left on base; Oceanside 0 - Pittsburgh 0
TOP OF THE 5TH
Oceanside Swamp Foxes batting - Pitching for Pittsburgh Killa Beez : RHP Xian-gan Xú
Batting: RHB Robbie Barnes 0-0: Called Strike
0-1: Ground out 4-3 (Groundball, 4)
Batting: RHB Tony Klein 0-0: Called Strike
0-1: Foul Ball, location: 2F
0-2: Ball
1-2: Strikes out swinging
Batting: LHB Jonathan Belisle 0-0: SINGLE (Flyball, 78S)
Batting: RHB Pat Greene 0-0: Ball
1-0: Called Strike
1-1: Foul Ball, location: 2F
1-2: Ball
2-2: Foul Ball, location: 2F
2-2: Strikes out swinging
Top of the 5th over - 0 runs, 1 hit, 0 errors, 1 left on base; Oceanside 0 - Pittsburgh 0
BOTTOM OF THE 5TH
Pittsburgh Killa Beez batting - Pitching for Oceanside Swamp Foxes : RHP Alain Moulin
Batting: RHB Aifell Muthuri 0-0: Ground out 5-3 (Groundball, 56)
Batting: LHB Ramón Ortíz 0-0: Ball
1-0: Fly out, F4 (Popup, 34)
Batting: RHB Mario Macías 0-0: Swinging Strike
0-1: Foul Ball, location: 2F
0-2: Strikes out swinging
Bottom of the 5th over - 0 runs, 0 hits, 0 errors, 0 left on base; Oceanside 0 - Pittsburgh 0
TOP OF THE 6TH
Oceanside Swamp Foxes batting - Pitching for Pittsburgh Killa Beez : RHP Xian-gan Xú
Batting: RHB Armando Solís 0-0: Foul Ball, location: 2F
0-1: Fly out, F7 (Flyball, 7LMF)
Batting: RHB Travis Thomas 0-0: Ball
1-0: Swinging Strike
1-1: Swinging Strike
1-2: Strikes out looking
Batting: RHB Jeff Byford 0-0: Ball
1-0: Called Strike
1-1: Fly out, F7 (Flyball, 7)
Top of the 6th over - 0 runs, 0 hits, 0 errors, 0 left on base; Oceanside 0 - Pittsburgh 0
BOTTOM OF THE 6TH
Pittsburgh Killa Beez batting - Pitching for Oceanside Swamp Foxes : RHP Alain Moulin
Batting: RHB Jorge Flores 0-0: Called Strike
0-1: Foul Ball, location: 2F
0-2: Foul Ball, location: 2F
0-2: Foul Ball, location: 2F
0-2: Ball
1-2: Foul Ball, location: 2F
1-2: Ball
2-2: Ball
3-2: Strikes out swinging
Batting: RHB Bo Long 0-0: Ball
1-0: SINGLE (Line Drive, 78S)
Batting: RHB Inês Kappes 0-0: Ball
1-0: Swinging Strike
1-1: Foul Ball, location: 2F
1-2: Ball
2-2: Foul Ball, location: 2F
2-2: Grounds into double play, 6-4-3 (Groundball, 6)
Bottom of the 6th over - 0 runs, 1 hit, 0 errors, 0 left on base; Oceanside 0 - Pittsburgh 0
TOP OF THE 7TH
Oceanside Swamp Foxes batting - Pitching for Pittsburgh Killa Beez : RHP Xian-gan Xú
Batting: RHB Rubén Ramírez 0-0: Fly out, F1 (Line Drive, 15)
Pinch Hitting: LHB Jeffery Casey 0-0: Ball
1-0: Fly out, F8 (Flyball, 8LXD)
Pinch Hitting: LHB Alonso Contreras 0-0: Ball
1-0: Ball
2-0: Fly out, F9 (Flyball, 9)
Top of the 7th over - 0 runs, 0 hits, 0 errors, 0 left on base; Oceanside 0 - Pittsburgh 0
BOTTOM OF THE 7TH
Pittsburgh Killa Beez batting - Pitching for Oceanside Swamp Foxes : RHP Alain Moulin
Now at 3B: Manny Ramos
Now at SS: Alonso Contreras
Batting: LHB Brian Lawson 0-0: Ball
1-0: Ball
2-0: Foul Ball, location: 2F
2-1: Ball
3-1: Called Strike
3-2: Ground out U3 (Groundball, 34)
Batting: RHB Víctor Ochoa 0-0: SINGLE (Groundball, 6D)
Batting: LHB Argaw Mwita 0-0: Ball
Víctor Ochoa steals 2nd base
1-0: Intentional Walk
Pinch Hitting: SHB José Castillo 0-0: Ball
1-0: Foul Ball, location: 2F
1-1: Ball
2-1: SINGLE (Flyball, 7S)
Víctor Ochoa to third
Argaw Mwita to second
Batting: LHB Ramón Ortíz 0-0: Called Strike
0-1: Ball
1-1: Ball
2-1: Foul Ball, location: 2F
2-2: Ball
3-2: Base on Balls
Víctor Ochoa scores
Argaw Mwita to third
José Castillo to second
Batting: RHB Mario Macías 0-0: Reached on error, E8 (Flyball, 8RS)
Argaw Mwita scores
José Castillo to third
Ramón Ortíz to second
Batting: RHB Jorge Flores 0-0: Foul Ball, location: 2F
0-1: Ball
1-1: Foul Ball, location: 2F
1-2: Strikes out swinging
Batting: RHB Bo Long 0-0: Ball
1-0: Ball
2-0: Foul Ball, location: 2F
2-1: Ball
3-1: Base on Balls
José Castillo scores
Ramón Ortíz to third
Mario Macías to second
Batting: RHB Inês Kappes 0-0: Ball
1-0: Ball
2-0: Ball
3-0: Base on Balls
Ramón Ortíz scores
Mario Macías to third
Bo Long to second
Batting: LHB Brian Lawson 0-0: Ball
1-0: Ball
2-0: Ball
3-0: Base on Balls
Mario Macías scores
Bo Long to third
Inês Kappes to second
Pitching: LHP Mike Armstrong
Batting: RHB Víctor Ochoa 0-0: Ground out U3 (Groundball, 34S)
Bottom of the 7th over - 5 runs, 2 hits, 1 error, 3 left on base; Oceanside 0 - Pittsburgh 5
TOP OF THE 8TH
Oceanside Swamp Foxes batting - Pitching for Pittsburgh Killa Beez : RHP Xian-gan Xú
Now at SS: Aurélien Simon
Now in LF: José Cantú
Now in RF: Ricardo Silva
Batting: RHB Tony Klein 0-0: Called Strike
0-1: Swinging Strike
0-2: Ball
1-2: Ball
2-2: Ball
3-2: Base on Balls
Batting: LHB Jonathan Belisle 0-0: SINGLE (Line Drive, 8LS)
Tony Klein to second
Runner from 2nd tries for 3rd, SAFE, no throw
Batting: RHB Pat Greene 0-0: Ball
1-0: SINGLE (Groundball, 4MD)
Tony Klein scores
Jonathan Belisle to second
Batting: RHB Armando Solís 0-0: Called Strike
0-1: Ball
1-1: Called Strike
1-2: Ball
2-2: Grounds into double play, 6-4-3 (Groundball, 6)
Jonathan Belisle to third
Batting: RHB Travis Thomas 0-0: Fly out, F5 (Line Drive, 56)
Top of the 8th over - 1 run, 2 hits, 0 errors, 1 left on base; Oceanside 1 - Pittsburgh 5
BOTTOM OF THE 8TH
Pittsburgh Killa Beez batting - Pitching for Oceanside Swamp Foxes : LHP Mike Armstrong
Batting: LHB Argaw Mwita 0-0: Foul Ball, location: 2F
0-1: Ball
1-1: Fly out, F8 (Flyball, 8LM)
Batting: LHB José Cantú 0-0: Called Strike
0-1: Fly out, F9 (Flyball, 89M)
Batting: LHB Ramón Ortíz 0-0: Ball
1-0: Foul Ball, location: 2F
1-1: SINGLE (Groundball, 34D)
Batting: RHB Mario Macías 0-0: Called Strike
0-1: Fly out, F4 (Popup, 4S)
Bottom of the 8th over - 0 runs, 1 hit, 0 errors, 1 left on base; Oceanside 1 - Pittsburgh 5
TOP OF THE 9TH
Oceanside Swamp Foxes batting - Pitching for Pittsburgh Killa Beez : RHP Xian-gan Xú
Batting: RHB Jeff Byford 0-0: Ball
1-0: Swinging Strike
1-1: Ground out 5-3 (Groundball, 56)
Batting: RHB Rubén Ramírez 0-0: Ball
1-0: SINGLE (Flyball, 78S)
Batting: RHB Manny Ramos 0-0: Foul Ball, location: 2F
0-1: Ball
1-1: SINGLE (Groundball, 6MD)
Rubén Ramírez to second
Pitching: RHP Jesús Escobedo
Batting: LHB Alonso Contreras 0-0: Swinging Strike
0-1: Swinging Strike
0-2: Fly out, F8 (Flyball, 8RD)
Batting: RHB Tony Klein 0-0: Ball
1-0: Ball
2-0: Called Strike
2-1: Ball
Wild Pitch!
Rubén Ramírez to third
Manny Ramos to second
3-1: Base on Balls
Batting: LHB Jonathan Belisle 0-0: GRAND SLAM HOME RUN (Flyball, 9LD), Distance : 325 ft
Pitching: RHP Rodrigo Torres
Batting: RHB Pat Greene 0-0: Called Strike
0-1: SINGLE (Groundball, 56D)
Pinch Hitting: LHB John Fuller 0-0: Ball
1-0: Fielders Choice at 2nd, 6-4 (Groundball, 6)
Top of the 9th over - 4 runs, 4 hits, 0 errors, 1 left on base; Oceanside 5 - Pittsburgh 5
BOTTOM OF THE 9TH
Pittsburgh Killa Beez batting - Pitching for Oceanside Swamp Foxes : LHP Mike Armstrong
Now in RF: John Fuller
Pinch Hitting: RHB Darrell Krieger 0-0: Foul Ball, location: 2F
0-1: Swinging Strike
0-2: Ball
1-2: Ball
2-2: Ball
3-2: Foul Ball, location: 2F
3-2: Foul Ball, location: 2F
3-2: Foul Ball, location: 2F
3-2: SINGLE (Groundball, 4) (infield hit)
Pinch Runner at 1st Javier Pérez:
Batting: RHB Bo Long 0-0: Ball
1-0: Sac Bunt - play at first, batter OUT! 5-4
Javier Pérez to second
Batting: RHB Aurélien Simon 0-0: Fly out, F9 (Line Drive, 9)
Runner from 2nd tags up, SAFE at 3rd with throw
Batting: SHB Ricardo Silva 0-0: SINGLE (Flyball, 78S)
Javier Pérez scores
Saturday, April 7th, 2018 - OOTP Baseball 18.8 Build 76